 Dungeon Crawl Stone Soup version 0.29.1-15-g9cfb28693d (webtiles) character file.

Game seed: 3642547614425355997

730650 Gabide the Conqueror (level 27, -1/354 HPs)
             Began as a Demigod Fighter on Apr 24, 2023.
             Slain by a death scarab (7 damage)
             ... summoned by a royal mummy
             ... on level 2 of the Tomb of the Ancients on Apr 25, 2023.
             The game lasted 04:32:41 (85077 turns).

Gabide the Conqueror (Demigod Fighter)             Turns: 85077, Time: 04:32:41

Health: -1/354     AC: 32    Str: 57    XL:     27
Magic:  0/56       EV: 12    Int: 14    God:
Gold:   5910       SH:  0    Dex: 16    Spells: 37/62 levels left

rFire   . . .      SeeInvis +     - Unarmed
rCold   . . .      Faith    .   (no shield)
rNeg    + + +      Spirit   +   (body armour currently unavailable)
rPois   ∞          Reflect  .   f - +2 helmet {Int+3}
rElec   +          Harm     .   l - +2 cloak {rCorr}
rCorr   +          Rampage  .   (gloves currently unavailable)
Will    ++...                   (boots currently unavailable)
Stlth   +.........              R - amulet of guardian spirit
HPRegen 0.00/turn               n - ring "Zegynita" {rElec rPois rF- rN+ Str+4}
MPRegen 0.35/turn               W - ring "Deovin" {rN+ Int+3 Dex+5}

@: statue-form, held, inhibited regen, slowed, studying 4 skills, very slow
A: slow and powerful, torment resistance 1, boosted hp, high MP 2, forlorn,
divine attributes, see invisible, clumsy 1, deformed body, dopey 1, fire
resistance 1, inhibited regeneration, MP-powered wands
}: 5/15 runes: decaying, serpentine, slimy, silver, abyssal
a: End Transformation


You were on level 2 of the Tomb of the Ancients.
You were a living statue of rough stone.
You visited 14 branches of the dungeon, and saw 59 of its levels.
You visited the Abyss 2 times.
You also visited: Trove, Bailey, Gauntlet and Volcano.

You collected 10564 gold pieces.
You spent 4654 gold pieces at shops.

Inventory:

Hand Weapons
 z - the +7 lajatang of Order {silver, rMut}
   (You found it on level 3 of the Depths)

   It inflicts extra damage upon those it strikes, and deals substantially
   increased damage to chaotic, mutated and magically transformed beings.
   rMut:      It protects you from mutation.
Missiles
 F - 7 javelins
 N - a throwing net
 Q - 10 curare-tipped darts
Armour
 d - the +1 ring mail of Somewhere Else {Will++}
   (You found it on level 5 of the Vaults)

   Will:      It greatly increases your willpower.
 f - a +2 helmet of intelligence (worn)
 l - a +2 cloak of preservation (worn)
 r - a +2 helmet of see invisible
 t - the +8 chain mail "Woxu Pya" {rN+ Int+3 Dex+2}
   (You found it on level 5 of the Pits of Slime)

   Int:       It affects your intelligence (+3).
   Dex:       It affects your dexterity (+2).
   rN:        It protects you from negative energy.
 w - the +1 ring mail "Sosor" (melded) {rElec Str+5}
   (You found it on level 5 of the Dungeon)

   Str:       It affects your strength (+5).
   rElec:     It insulates you from electricity.
 H - a +2 pair of gloves of strength (melded)
 V - the +3 pair of mountain boots (melded) {steadfast, rC+}
   (You bought it in a shop on level 2 of the Orcish Mines)

   It prevents involuntary movement, except for blinking, teleportation, or
   banishment.
   rC:        It protects you from cold.
 Z - the +4 ring mail "Uttaby" {rPois}
   (You found it on level 2 of the Lair of Beasts)

   rPois:     It protects you from poison.
Jewellery
 e - the ring "Uhyedo" {rCorr Str+4}
   (You found it on level 4 of the Realm of Zot)

   [ring of resist corrosion]

   Str:       It affects your strength (+4).
   rCorr:     It protects you from acid and corrosion.
 n - the ring "Zegynita" (left fist) {rElec rPois rF- rN+ Str+4}
   (You found it on level 3 of the Realm of Zot)

   [ring of positive energy]

   Str:       It affects your strength (+4).
   rF:        It makes you vulnerable to fire.
   rElec:     It insulates you from electricity.
   rPois:     It protects you from poison.
   rN:        It protects you from negative energy.
 A - the ring of Nidir {rPois rC+ Dex+6 Slay-5 SInv}
   (You found it on level 5 of the Pits of Slime)

   [ring of dexterity]

   Dex:       It affects your dexterity (+6).
   Slay:      It affects your accuracy & damage with ranged weapons and melee
   (-5).
   rC:        It protects you from cold.
   rPois:     It protects you from poison.
   SInv:      It lets you see invisible.
 B - the ring "Quduadegu" {rC+ rCorr EV+4 Int-4}
   (You took it off a tengu reaver on level 5 of the Vaults)

   [ring of evasion]

   EV:        It affects your evasion (+4).
   Int:       It affects your intelligence (-4).
   rC:        It protects you from cold.
   rCorr:     It protects you from acid and corrosion.
 C - the ring of Creativity {Will+ Dex+2}
   (You acquired it in a bailey)

   [ring of willpower]

   Dex:       It affects your dexterity (+2).
   Will:      It increases your willpower.
 D - a +6 ring of strength
 G - the ring "Buobus" {rC++ Int+6}
   (You found it in a Gauntlet)

   [ring of intelligence]

   Int:       It affects your intelligence (+6).
   rC:        It greatly protects you from cold.
 P - the ring of Gafoo {+Blink Fly Will+ AC+4 Stlth-}
   (You found it on level 10 of the Dungeon)

   [ring of protection]

   AC:        It affects your AC (+4).
   Fly:       It grants you flight.
   +Blink:    It lets you blink.
   Will:      It increases your willpower.
   Stlth:     It makes you less stealthy.
 R - an amulet of guardian spirit (around neck)
 T - a ring of protection from fire
 W - the ring "Deovin" (right fist) {rN+ Int+3 Dex+5}
   (You found it on level 5 of the Pits of Slime)

   [ring of positive energy]

   Int:       It affects your intelligence (+3).
   Dex:       It affects your dexterity (+5).
   rN:        It protects you from negative energy.
Wands
 I - a wand of digging (17)
 M - a wand of light (14)
Scrolls
 h - 12 scrolls of enchant weapon
 i - 9 scrolls of immolation
 j - a scroll of summoning
 k - 7 scrolls of magic mapping
 p - 5 scrolls of silence
 s - 8 scrolls of fear
 u - 19 scrolls of teleportation
 v - 8 scrolls of poison
 y - 7 scrolls of torment
 O - 2 scrolls of blinking
 U - 13 scrolls of butterflies
 Y - 13 scrolls of vulnerability
Potions
 a - 4 potions of haste
 b - 4 potions of heal wounds
 c - 3 potions of might
 g - 3 potions of ambrosia
 o - 21 potions of curing
 q - 5 potions of cancellation
 x - 8 potions of mutation
 E - 13 potions of attraction
 J - 4 potions of invisibility
 K - 13 potions of brilliance
 S - 13 potions of lignification
 X - 7 potions of resistance
Miscellaneous
 m - a phial of floods
 L - a phantom mirror


   Skills:
 O Level 27 Fighting
 - Level 3.0 Armour
 - Level 20.0 Dodging
 - Level 3.0 Shields
 O Level 27 Unarmed Combat
 - Level 18.0 Spellcasting
 + Level 16.6 Transmutations
 - Level 16.0 Earth Magic


You had 37 spell levels left.
You knew the following spells:

 Your Spells              Type           Power      Damage    Failure   Level
a - Blade Hands           Tmut           28%        N/A       1%          5
b - Petrify               Tmut/Erth      55%        N/A       1%          4
c - Statue Form           Tmut/Erth      36%        N/A       1%          6
d - Blink                 Tloc           24%        N/A       7%          2
e - Passwall              Tmut/Erth      45%        N/A       0%          2
f - Lee's Rapid Deconstr  Erth           27%        3d16*     1%          5
g - Apportation           Tloc           24%        N/A       4%          1

Your spell library contained the following spells:

 Spells                   Type           Power      Damage    Failure   Level
 Beastly Appendage        Tmut           100%       N/A       0%          1
 Wereblood                Tmut           56%        N/A       0%          2
 Sting                    Tmut/Pois      100%       1d8       1%          1
 Spider Form              Tmut/Pois      35%        N/A       1%          3
 Stone Arrow              Conj/Erth      70%        3d11      1%          3
 Animate Armour           Summ/Erth      70%        N/A       1%          4
 Ice Form                 Ice/Tmut       35%        N/A       1%          4
 Leda's Liquefaction      Hex/Erth       17%        N/A       1%          4
 Freeze                   Ice            48%        1d7       4%          1
 Magic Dart               Conj           48%        1d5       4%          1
 Necrotise                Necr           48%        1d6       4%          1
 Slow                     Hex            48%        N/A       4%          1
 Summon Small Mammal      Summ           48%        N/A       4%          1
 Alistair's Intoxication  Tmut/Pois      23%        N/A       4%          5
 Borgnjor's Vile Clutch   Necr/Erth      17%        N/A       4%          5
 Irradiate                Conj/Tmut      17%        3d17      4%          5
 Yara's Violent Unravell  Hex/Tmut       17%        3d8       4%          5
 Dragon Form              Tmut           28%        N/A       4%          7
 Call Imp                 Summ           12%        N/A       7%          2
 Ensorcelled Hibernation  Hex/Ice        24%        N/A       7%          2
 Poisonous Vapours        Pois/Air       24%        N/A       7%          2
 Static Discharge         Conj/Air       12%        3-5/arc   7%          2
 Sublimation of Blood     Necr           12%        N/A       7%          2
 Call Canine Familiar     Summ           12%        N/A       14%         3
 Confusing Touch          Hex            12%        N/A       14%         3
 Dazzling Flash           Conj/Hex       24%        N/A       14%         3
 Frozen Ramparts          Ice            24%        1d4       14%         3
 Inner Flame              Hex/Fire       12%        N/A       14%         3
 Lesser Beckoning         Tloc           12%        N/A       14%         3
 Mephitic Cloud           Conj/Pois/Air  12%        N/A       14%         3
 Ozocubu's Armour         Ice            12%        N/A       14%         3
 Summon Guardian Golem    Hex/Summ       12%        N/A       14%         3
 Swiftness                Air            12%        N/A       14%         3
 Tukima's Dance           Hex            12%        N/A       14%         3
 Vampiric Draining        Necr           12%        2d6       14%         3
 Eringya's Noxious Bog    Tmut/Pois      17%        N/A       24%         6
 Iron Shot                Conj/Erth      17%        9d4       26%         6
 Anguish                  Hex/Necr       6%         N/A       41%         4
 Animate Dead             Necr           12%        N/A       41%         4
 Cause Fear               Hex            6%         N/A       41%         4
 Corpse Rot               Necr/Pois/Air  12%        N/A       41%         4
 Dispel Undead            Necr           12%        3d9       41%         4
 Flame Wave               Conj/Fire      12%        2d6       41%         4
 Fulminant Prism          Conj/Hex       6%         3d7       41%         4
 Hailstorm                Conj/Ice       12%        3d5       41%         4
 Iskenderun's Mystic Bla  Conj/Tloc      12%        2d5       41%         4
 Olgreb's Toxic Radiance  Pois           12%        N/A       41%         4
 Passage of Golubria      Tloc           12%        N/A       41%         4
 Sticky Flame             Conj/Fire      12%        2d4       41%         4
 Summon Ice Beast         Ice/Summ       12%        N/A       41%         4
 Agony                    Necr           12%        N/A       77%         5
 Freezing Cloud           Conj/Ice/Air   6%         6-21      77%         5
 Iskenderun's Battlesphe  Conj           12%        2d7       77%         5
 Lightning Bolt           Conj/Air       6%         1d18      77%         5
 Manifold Assault         Tloc           12%        N/A       77%         5
 Metabolic Englaciation   Hex/Ice        6%         N/A       77%         5
 Silence                  Hex/Air        6%         N/A       77%         5
 Summon Forest            Summ/Tloc      6%         N/A       77%         5
 Storm Form               Tmut/Air       17%        N/A       78%         7
 Death Channel            Necr           6%         N/A       100%        6
 Simulacrum               Ice/Necr       6%         N/A       100%        6
 Starburst                Conj/Fire      6%         6d4       100%        6
 Enfeeble                 Hex            6%         N/A       100%        7
 Monstrous Menagerie      Summ           6%         N/A       100%        7
 Ozocubu's Refrigeration  Ice            6%         4d8       100%        7
 Spellforged Servitor     Conj/Summ      6%         N/A       100%        7
 Summon Hydra             Summ           6%         N/A       100%        7
 Borgnjor's Revivificati  Necr           6%         N/A       100%        8
 Discord                  Hex            6%         N/A       100%        8
 Ignition                 Fire           6%         3d4       100%        8
 Lehudib's Crystal Spear  Conj/Erth      17%        10d5      100%        8
 Necromutation            Tmut/Necr      17%        N/A       100%        8
 Chain Lightning          Conj/Air       6%         3d8       100%        9
 Death's Door             Necr           6%         N/A       100%        9
 Dragon's Call            Summ           6%         N/A       100%        9
 Polar Vortex             Ice            6%         N/A       100%        9


Dungeon Overview and Level Annotations

Branches:
Dungeon (15/15)            Temple (1/1) D:5            Lair (5/5) D:8
  Swamp (4/4) Lair:3        Snake (4/4) Lair:3        Slime (5/5) Lair:5
    Orc (2/2) D:12            Elf (3/3) Orc:2        Vaults (5/5) D:14
  Crypt (3/3) Vaults:3       Tomb (2/3) Crypt:3      Depths (4/4) D:15
   Hell (visited)             Dis (0/7) Hell            Geh (0/7) Hell
    Coc (0/7) Hell            Tar (0/7) Hell            Zot (5/5) Depths:4
 Bailey (visited)         Volcano (visited)         Gauntlet (visited)

Shops:
D:3 !   D:9 (   Orc:2 [=![   Elf:1 :   Elf:3 *   Snake:4 ?   Vaults:3 =
Zot:4 *   Depths:1 (   Depths:3 [(***[:(

Portals:
Hell: Depths:1 Depths:2 Depths:3 Depths:4
Abyss: Depths:1 Depths:2 Depths:3
Pandemonium: Depths:2 Depths:4
Ziggurat: Depths:1

Annotations:
Zot:1 3 runed translucent doors, duchin's ghost, legendary MfIE


Innate Abilities, Weirdness & Mutations

You are a living statue of rough stone.
Your actions are slow, but your melee attacks are powerful.
You are resistant to unholy torment.
Your maximum health is greatly increased.
You are immune to poison.
Your equipment is partially melded.
You have a considerably increased reservoir of magic. (+20% MP)
You shall have no god before yourself.
Your divine heritage dramatically boosts your attributes as you level up.
You have supernaturally acute eyesight. (SInv)
You are clumsy. (Dex -2)
Armour fits poorly on your strangely shaped body.
You are dopey. (Int -2)
Your flesh is heat resistant. (rF+)
You do not regenerate when monsters are visible.
You expend magic power (3 MP) to strengthen your wands.


Message History

A lich comes into view.
You feel much better.
The death scarab's many legs skitter faintly.
The death scarab disappears in a puff of smoke! x2
The death scarab bites you.
* * * LOW HITPOINT WARNING * * *
The death scarab barely misses you.
The death scarab bites you but does no damage. x2
The death scarab closely misses you.
The death scarab bites you but does no damage.
The death scarab bites you!
* * * LOW HITPOINT WARNING * * *
The death scarab drains your vigour!
You feel as though you will be slow longer.
The royal mummy gestures at you while chanting.
Something smites you!
* * * LOW HITPOINT WARNING * * *
The emperor scorpion stings you but does no damage.
The emperor scorpion barely misses you.
The emperor scorpion claws you but does no damage.
The death scarab bites you!!
* * * LOW HITPOINT WARNING * * *
The death scarab drains your vigour!
You feel as though you will be slow longer.
The death scarab bites you but does no damage.
The death scarab misses you.
The royal mummy gestures wildly while chanting.
The lich casts a spell.
The lich flickers and vanishes for a moment.
The emperor scorpion stings you but does no damage.
The emperor scorpion claws you but does no damage.
The emperor scorpion misses you.
The death scarab bites you but does no damage.
The death scarab closely misses you.
The death scarab bites you but does no damage.
A mummy priest comes into view.
The death scarab bites you!
* * * LOW HITPOINT WARNING * * *
The death scarab bites you!
You die...

,,,##..^.B.M..##....*^,,,,*
,,*,#.....VM.4#.#..,*,,^,,*
^,#..#s..B.s§#..#..,*,,,,,*
,,#.,#...VMzM#.M#.,,*,,,,,*
,*.,..#...ss#bMBM#,,*##****
,*,....#.Bz#BsBMB#,,M^,,,,*
,*,.....###sMBBsM#,.#^,,,,*
,*,,..........sBB#M.#,,,,,*
,,,,,,,,.....sss8L..#,,,^,*
,,,,,,,,.......BBB..#,,,,,*
,,,,,,,,...^...BB...#,,,,,*
,,,,,^,^............#,,,,,*
,,,,,,,,............#,,,^,*
,,,,,,,,..........(.#**+***
******+*#############,,^,,*
^,,*,,^,,,*,,^,,,,,*,,,,,,*
,,,*,,,,,^*,^,,,,,,*,,,,,,*


You could see 2 royal mummies, 10 emperor scorpions, a lich (invisible), a
bennu, a mummy priest, a jiangshi (summoned), 5 guardian mummies, an ice devil
(summoned), a vampire (summoned, invisible), 15 death scarabs, a flying skull
and 3 mummies.

Vanquished Creatures
  the Royal Jelly (Slime:5)
  4 dread liches
  6 orbs of fire
  7 ancient liches
  Mara (Vaults:3)
  2 royal mummies (Tomb:1)
  5 juggernauts
  Sojobo (Crypt:1)
  Josephina (Depths:3)
  Boris (twice) (Depths:4 Vaults:5)
  Frederick (Depths:4)
  5 Killer Klowns
  Vv (Zot:2)
  Margery (Vaults:3)
  Geryon (Hell)
  6 caustic shrikes
  Jory (Depths:4)
  18 golden dragons
  A bone dragon (Crypt:3)
  5 doom hounds
  4 electric golems
  An iron giant (Hell)
  Jorgrun (Snake:2)
  16 tentacled monstrosities
  25 Orb Guardians (Zot:5)
  Rupert (D:13)
  Zenata (Vaults:2)
  6 liches
  2 deep elf blademasters (Elf:3)
  A shard shrike skeleton (Crypt:1)
  2 deep elf master archers (Elf:3)
  Asterion (Depths:2)
  6 titans
  16 acid blobs
  2 walking divine tomes
  13 quicksilver dragons
  14 sphinxes
  2 tentacled starspawn (Abyss:3)
  11 death cobs
  8 ancient champions
  17 storm dragons
  17 shadow dragons
  Gastronok (Lair:2)
  6 draconian monks
  11 tengu reavers
  3 revenants
  Donald (Elf:2)
  5 nagarajas (Snake:4)
  14 azure jellies
  10 rockslimes
  A fenstrider witch (Swamp:2)
  9 fire giants
  4 deep elf sorcerers
  13 vault wardens
  6 draconian scorchers
  14 frost giants
  6 draconian knights
  An orc warlord (Vaults:4)
  3 ghost moths
  The ghost of kalagan the Devastator, an adept DECj of Sif Muna (Elf:3)
  2 juggernaut zombies
  Aizul (Snake:4)
  6 draconian shifters
  A balrug (Depths:4)
  4 curse skulls (Crypt:3)
  A cacodemon (Depths:3)
  A deep elf elementalist (Elf:1)
  17 ironbound preservers
  4 reapers
  27 very ugly things
  8 draconian annihilators
  7 draconian stormcallers
  18 ghouls
  17 quicksilver oozes
  19 stone giants
  A war gargoyle (Vaults:3)
  7 ironbound thunderhulks
  10 deep elf demonologists
  The ghost of Sensen the Fighter, a journeyman DsMo of Makhleb (D:14)
  8 vampire knights
  3 eleionomae
  An elemental wellspring (Hell)
  10 deep elf annihilators
  12 green draconians
  16 dire elephants
  A wendigo (Hell)
  14 red draconians
  A rockslime zombie (Crypt:2)
  A spark wasp (shapeshifter) (Vaults:4)
  3 entropy weavers
  A minotaur (Gauntlet)
  12 yellow draconians
  17 purple draconians
  12 black draconians
  3 spark wasps
  5 bunyips
  14 white draconians
  5 green deaths
  6 eidola
  19 ettins
  3 iron golems
  13 fire dragons
  10 deep elf death magi
  A fire dragon (shapeshifter) (Elf:1)
  15 yaktaur captains
  2 crystal guardians (Vaults:1)
  11 mummy priests
  5 deep elf high priests
  16 jiangshi
  A quicksilver dragon zombie (Crypt:2)
  Fannar (Lair:2)
  3 rakshasas
  A hell beast (Swamp:4)
  15 ice dragons
  3 quicksilver dragon skeletons
  The ghost of Gabide the Arsonist, a journeyman DgWn (D:9)
  2 shambling mangroves
  13 hydras
  16 great orbs of eyes
  5 salamander tyrants (Snake:4)
  A ghost crab (Swamp:2)
  3 spriggan air magi
  A juggernaut simulacrum (Depths:3)
  2 peacekeepers
  A spectral shadow dragon (D:14)
  9 boulder beetles
  5 death knights
  3 ogre magi
  7 ironbound frosthearts
  29 vault guards
  A caustic shrike simulacrum (Depths:3)
  3 catoblepae (Lair:5)
  2 fenstrider witch skeletons (Hell)
  4 anacondas
  9 two-headed ogres
  12 naga warriors
  38 dancing weapons
  21 centaur warriors
  6 death scarabs (Tomb:1)
  A spriggan skeleton (Crypt:2)
  8 alligators
  9 deep troll shamans
  7 tengu warriors
  6 orc high priests
  7 death yaks (Lair:5)
  11 deep troll earth magi
  6 spriggan berserkers
  29 deep elf knights
  15 vampire magi
  8 shock serpents
  A thrashing horror (Swamp:4)
  13 naga sharpshooters
  17 hell knights
  2 hell hogs (Depths:4)
  9 sun demons
  6 iron trolls
  6 soul eaters
  2 titan skeletons
  Sonja (Lair:2)
  19 spriggans
  A sixfirhy (Abyss:3)
  2 fire crabs (shapeshifter)
  22 skeletal warriors
  3 shadow wraiths
  4 sea snakes (Snake:4)
  2 salamander mystics
  5 goliath frogs
  3 death drakes
  80 deep trolls
  3 bunyip zombies
  9 swamp dragons
  A death drake (shapeshifter) (Vaults:5)
  4 spriggan druids
  A swamp dragon (shapeshifter) (Elf:2)
  A quicksilver dragon simulacrum (Hell)
  4 obsidian statues
  10 bog bodies
  4 glowing orange brains
  9 naga ritualists
  7 flayed ghosts
  9 lindwurms
  An iron giant skeleton (Hell)
  Pikel (D:4)
  A bunyip skeleton (Hell)
  20 ironbound convokers
  A harpy (shapeshifter) (Elf:3)
  13 phantasmal warriors
  A tengu zombie (Depths:2)
  An iron dragon zombie (Crypt:2)
  18 necromancers
  10 wizards
  4 harpies
  12 deep elf archers
  4 cyclopes
  33 deep elf pyromancers
  43 ugly things
  25 deep elf zephyrmancers
  A wolf spider (Vaults:4)
  An oklob plant (Lair:3)
  14 orc knights
  A sphinx skeleton (Depths:2)
  7 mana vipers
  15 salamanders
  11 shining eyes
  5 will-o-the-wisps
  2 fire giant zombies
  22 moths of wrath
  20 elephants
  6 orc sorcerers
  23 black mambas
  A moth of wrath (shapeshifter) (D:14)
  7 manticores
  An iron dragon skeleton (Hell)
  A manticore (shapeshifter) (Vaults:5)
  5 toenail golems (Volcano)
  3 guardian serpents
  13 naga magi
  A molten gargoyle (Depths:1)
  2 water nymphs (shapeshifter)
  7 rust devils (Hell)
  3 stone giant skeletons
  Joseph (D:10)
  A centaur zombie (Crypt:2)
  14 vault sentinels
  2 ice statues
  4 smoke demons
  10 cane toads
  A gargoyle (D:12)
  3 eyes of devastation (Slime:5)
  A black draconian zombie (Crypt:1)
  A tormentor (Depths:3)
  4 orange demons
  A rime drake (shapeshifter) (D:13)
  2 unseen horrors (D:12)
  A kobold demonologist (Bailey)
  46 yaktaurs
  5 komodo dragons
  11 freezing wraiths
  4 rime drakes
  A bunyip simulacrum (Hell)
  A spark wasp simulacrum (Depths:2)
  A demonic crawler (Depths:4)
  3 alligator snapping turtle skeletons
  A tengu conjurer (Depths:2)
  A death yak skeleton (Crypt:3)
  16 guardian mummies
  3 hellwings
  5 trolls
  2 harpy zombies
  3 meliai (shapeshifter)
  8 tyrant leeches
  2 red devils (Depths:3)
  A silent spectre (Abyss:3)
  3 meliai (D:15)
  3 polar bears
  A sphinx simulacrum (Depths:3)
  Prince Ribbit (D:6)
  A shadow dragon simulacrum (Depths:3)
  A small abomination (Abyss:3)
  19 hornets
  2 alligator zombies
  3 spriggan zombies
  A stone giant simulacrum (Tomb:1)
  15 dream sheep
  4 blink frogs (Lair:4)
  An iron dragon simulacrum (Depths:3)
  A hydra skeleton (Crypt:2)
  157 slime creatures
  A jumping spider (Vaults:3)
  31 flying skulls
  2 air elementals
  2 centaur simulacra
  2 ettin skeletons (Abyss:3)
  5 shadows
  3 ynoxinuls
  4 wyverns
  5 vampires
  An elf simulacrum (Vaults:4)
  6 wraiths
  3 ushabtiu (Tomb:1)
  4 water elementals
  A satyr skeleton (Crypt:3)
  4 fire bats (Depths:1)
  34 yaks
  10 fire elementals
  A neqoxec (Abyss:3)
  22 vampire mosquitoes
  A black mamba skeleton (Crypt:2)
  10 golden eyes
  2 alligator snapping turtle simulacra (Hell)
  A redback (Gauntlet)
  2 basilisks
  A steam dragon (D:8)
  14 swamp worms
  3 wargs
  3 harpy simulacra (Hell)
  6 large abominations
  37 nagas
  A naga zombie (Hell)
  10 water moccasins
  3 acid dragons
  A floating eye (shapeshifter) (Vaults:5)
  2 floating eyes
  4 black bears
  An ice beast (D:8)
  35 orc warriors
  A spriggan simulacrum (D:14)
  3 human zombies (Vaults:4)
  An alligator simulacrum (Swamp:2)
  A cane toad skeleton (Crypt:3)
  A sky beast (D:7)
  12 ogres
  4 wolves (Lair:4)
  4 boggarts (Vaults:2)
  A manticore zombie (Crypt:2)
  12 centaurs
  A swamp dragon zombie (Swamp:2)
  A swamp dragon skeleton (Tomb:1)
  A golden eye zombie (Crypt:2)
  A phantom (D:6)
  3 kobold brigands (D:9)
  11 necrophages
  A vine stalker zombie (Crypt:3)
  5 bullfrogs
  3 gnoll sergeants
  6 earth elementals
  An ogre simulacrum (Vaults:4)
  A komodo dragon skeleton (Crypt:1)
  A scorpion (D:5)
  2 naga simulacra
  12 wights
  13 killer bees
  A shapeshifter zombie (Crypt:1)
  A swamp dragon simulacrum (Swamp:2)
  A shapeshifter skeleton (Crypt:2)
  4 howler monkeys
  3 electric eels (Bailey)
  A hound (D:2)
  A centaur skeleton (Crypt:1)
  19 orc priests
  4 iron imps (Gauntlet)
  Ijyb (D:5)
  21 orc wizards
  3 iguanas
  A black bear skeleton (Crypt:1)
  4 hell rats (Lair:4)
  A naga skeleton (Crypt:1)
  A hound zombie (Crypt:1)
  20 mummies
  15 gnolls
  6 adders
  A shadow imp (D:8)
  A white imp (D:8)
  An ufetubus (D:5)
  A worm zombie (Crypt:3)
  3 worms
  77 orcs
  7 bats
  4 endoplasms
  5 giant cockroaches
  10 goblins
  7 hobgoblins
  11 jackals
  13 kobolds
  3 quokkas
  4 ball pythons
  7 frilled lizards
  A gnoll skeleton (Crypt:3)
  A hobgoblin skeleton (Crypt:3)
  A hobgoblin zombie (Crypt:3)
  7 rats
  A river rat skeleton (Crypt:1)
  A creeping inferno (Hell)
  A fire vortex (Hell)
  5 starspawn tentacles (Abyss:3)
2718 creatures vanquished.

Vanquished Creatures (others)
  An eldritch tentacle (Zot:5)
  A boulder beetle (D:13)
  An alligator (Swamp:2)
  A mana viper (Snake:1)
  A deep elf zephyrmancer (Elf:3)
  A deep elf pyromancer (Elf:1)
  A manticore (D:13)
  A will-o-the-wisp (Swamp:1)
  3 bloated husks
  A water elemental (Elf:1)
  An air elemental (Elf:1)
  A harpy simulacrum (Hell)
  A naga simulacrum (Hell)
  3 creeping infernos (Hell)
  A fire vortex (Hell)
  31 foxfires
  8 fungi
  39 plants
  2 starspawn tentacles (Abyss:3)
99 creatures vanquished.

Grand Total: 2817 creatures vanquished

Notes
Turn   | Place    | Note
-------+----------+-------------------------------------------
     0 | D:1      | Gabide the Demigod Fighter began the quest for the Orb.
     0 | D:1      | Reached XP level 1. HP: 18/18 MP: 3/3
   408 | D:1      | Reached XP level 2. HP: 14/25 MP: 4/4
  1054 | D:1      | Reached XP level 3. HP: 21/30 MP: 5/5
  1591 | D:2      | Identified the +3 ring mail of Hepliaklqana's Hatred {Harm
                  | Str+6 SInv Stlth-}
  2057 | D:2      | Reached XP level 4. HP: 27/37 MP: 6/6
  2765 | D:2      | Reached skill level 5 in Dodging
  2765 | D:2      | Reached XP level 5. HP: 51/51 MP: 7/7
  3210 | D:3      | Reached XP level 6. HP: 58/58 MP: 8/8
  3267 | D:3      | Found Nouwyj Gepu's Distillery.
  3282 | D:3      | Bought a potion of curing for 36 gold pieces
  4060 | D:4      | Identified the +1 pair of gloves "Neehun" {Stlth+}
  4079 | D:4      | Noticed Pikel
  4107 | D:4      | Killed Pikel
  4108 | D:4      | Reached XP level 7. HP: 44/64 MP: 9/9
  4487 | D:5      | Entered Level 5 of the Dungeon
  4498 | D:5      | Identified the +1 ring mail "Sosor" {rElec Str+5}
  4556 | D:5      | Found a staircase to the Ecumenical Temple.
  4595 | D:5      | Noticed Ijyb
  4595 | D:5      | Paralysed by Ijyb for 5 turns
  4621 | D:5      | Killed Ijyb
  4686 | D:5      | Reached XP level 8. HP: 72/73 MP: 10/10
  5287 | Temple   | Entered the Ecumenical Temple
  5439 | D:6      | Noticed Prince Ribbit
  5449 | D:6      | Killed Prince Ribbit
  6138 | D:7      | Found a flagged portal.
  6169 | D:7      | Reached XP level 9. HP: 50/79 MP: 11/11
  6438 | Bailey   | Entered a bailey
  6765 | Bailey   | Noticed an orc knight
  6802 | Bailey   | Killed an orc knight
  6847 | Bailey   | Noticed a kobold demonologist
  6863 | Bailey   | Killed a kobold demonologist
  6864 | Bailey   | Reached skill level 10 in Unarmed Combat
  6947 | Bailey   | Acquired the ring of Creativity {Will+ Dex+2}
  7014 | Bailey   | Noticed an orc high priest
  7465 | Bailey   | Noticed a smoke demon
  7465 | Bailey   | Killed an orc high priest
  7466 | Bailey   | Reached XP level 10. HP: 83/90 MP: 13/13
  7711 | D:7      | Noticed a two-headed ogre
  7718 | D:7      | Killed a two-headed ogre
  8608 | D:8      | Found a staircase to the Lair.
  9297 | D:9      | Found Wioddem's Weapon Shoppe.
  9457 | D:9      | Found a transporter.
  9478 | D:9      | Noticed an ice statue
  9478 | D:9      | Noticed Gabide's ghost (journeyman DgWn)
  9479 | D:9      | Noticed a centaur warrior
  9487 | D:9      | Found a transporter.
  9825 | D:9      | Noticed a two-headed ogre
  9938 | D:10     | Entered Level 10 of the Dungeon
 10037 | D:10     | Identified the ring of Gafoo {+Blink Fly Will+ AC+4 Stlth-}
 10639 | D:10     | Noticed Joseph
 10649 | D:10     | Killed Joseph
 11046 | D:11     | Noticed a red ugly thing
 11078 | D:11     | Killed a red ugly thing
 11155 | D:11     | Noticed a manticore
 11163 | D:11     | Reached XP level 11. HP: 97/97 MP: 14/14
 12302 | D:12     | Noticed a four-headed hydra
 12320 | D:12     | Killed a four-headed hydra
 12469 | D:12     | Identified the +9 sling "Demigod's Peril" {vorpal, rC+}
 12627 | D:12     | Found a staircase to the Orcish Mines.
 12786 | D:12     | Noticed a skeletal warrior
 12786 | D:12     | Noticed a skeletal warrior
 12808 | D:12     | Killed a skeletal warrior
 12836 | D:12     | Killed a skeletal warrior
 12926 | D:12     | Reached skill level 10 in Fighting
 12945 | D:12     | Noticed a skeletal warrior
 12948 | D:12     | Noticed a skeletal warrior
 12964 | D:12     | Killed a skeletal warrior
 12973 | D:12     | Killed a skeletal warrior
 13011 | D:12     | Noticed a skeletal warrior
 13027 | D:12     | Killed a skeletal warrior
 13141 | D:13     | Noticed Rupert
 13241 | Lair:1   | Entered Level 1 of the Lair of Beasts
 13245 | Lair:1   | Found a dark tunnel.
 13263 | Volcano  | Entered a volcano
 13269 | Volcano  | Noticed a wizard
 13283 | Volcano  | Killed a wizard
 13299 | Volcano  | Noticed a wizard
 13300 | Volcano  | Reached XP level 12. HP: 95/106 MP: 15/15
 13358 | Volcano  | Reached skill level 10 in Dodging
 13843 | Lair:1   | Found a gate leading to a gauntlet.
 13848 | Gauntlet | Entered a Gauntlet
 13848 | Gauntlet | Found a transporter.
 13856 | Gauntlet | Found a transporter.
 13860 | Gauntlet | Found a transporter.
 13868 | Gauntlet | Found a transporter.
 13872 | Gauntlet | Found a transporter.
 13879 | Gauntlet | Noticed an entropy weaver
 13880 | Gauntlet | Found a transporter.
 13884 | Gauntlet | Found a transporter.
 13892 | Gauntlet | Found the +4 robe of Folly {Brilliance Will-∞ Int+8}
 13895 | Gauntlet | Found a transporter.
 13896 | Gauntlet | Found a transporter.
 13900 | Gauntlet | Found a runed translucent door.
 13902 | Gauntlet | Found a runed translucent door.
 13904 | Gauntlet | Found a transporter.
 13934 | Gauntlet | Found a transporter.
 13946 | Gauntlet | Found a transporter.
 13959 | Gauntlet | Found a transporter.
 13972 | Gauntlet | Found a transporter.
 14132 | Gauntlet | Killed an entropy weaver
 14230 | Gauntlet | Identified the ring "Buobus" {rC++ Int+6}
 14271 | Gauntlet | Noticed a minotaur
 14287 | Gauntlet | Killed a minotaur
 14327 | Gauntlet | Identified the +3 robe "Heiloal" {Str-4 Int+6}
 14328 | Gauntlet | Got the Compilation of Mutualism
 15166 | Lair:2   | Noticed Sonja
 15180 | Lair:2   | Killed Sonja
 15543 | Lair:2   | Noticed Gastronok
 15545 | Lair:2   | Noticed Fannar
 15563 | Lair:2   | Killed Fannar
 15564 | Lair:2   | Reached skill level 15 in Unarmed Combat
 15577 | Lair:2   | Killed Gastronok
 15736 | Lair:2   | Noticed a six-headed hydra
 15744 | Lair:2   | Killed a six-headed hydra
 15745 | Lair:2   | Reached XP level 13. HP: 116/116 MP: 16/16
 15756 | Lair:2   | Identified the +4 ring mail "Uttaby" {rPois}
 16622 | Lair:3   | Found a staircase to the Snake Pit.
 16782 | Lair:3   | Identified the +8 scimitar of Juideri {vorpal, rCorr}
 16783 | Lair:3   | Identified the +1 short sword "Voha" {flame, rC- Will++
                  | Dex-4 Stlth+}
 16978 | Lair:3   | Found a staircase to the Swamp.
 18166 | Lair:5   | Entered Level 5 of the Lair of Beasts
 18420 | Lair:5   | Found a staircase to the Slime Pits.
 18945 | Lair:5   | Reached XP level 14. HP: 97/126 MP: 17/17
 19234 | Lair:5   | Identified the +1 chain mail of Dogmatism {rF- rN+ Str+4
                  | Dex+3}
 19329 | Lair:5   | Reached skill level 1 in Spellcasting
 19741 | D:13     | Killed Rupert
 20258 | D:14     | Reached skill level 5 in Spellcasting
 20450 | D:14     | Found a transporter.
 20505 | D:14     | Found a gate to the Vaults.
 20549 | D:14     | Noticed Sensen's ghost (journeyman DsMo)
 20552 | D:14     | Found a transporter.
 21090 | D:15     | Entered Level 15 of the Dungeon
 21166 | D:15     | Learned a level 5 spell: Blade Hands
 22195 | D:15     | Reached XP level 15. HP: 132/132 MP: 32/32
 22201 | D:15     | Found a staircase to the Depths.
 22269 | D:15     | Acquired a manual of Translocations
 22341 | Orc:1    | Entered Level 1 of the Orcish Mines
 22828 | Orc:2    | Entered Level 2 of the Orcish Mines
 22913 | Orc:2    | Found a staircase to the Elven Halls.
 23224 | Orc:2    | Reached skill level 10 in Spellcasting
 23335 | Orc:2    | Found Tyurhihausk's Armour Boutique.
 23335 | Orc:2    | Found Hott's Jewellery Emporium.
 23337 | Orc:2    | Found Hobb's Armour Emporium.
 23337 | Orc:2    | Found Inagruf's Distillery.
 23777 | Orc:2    | Bought the +3 pair of mountain boots {steadfast, rC+} for
                  | 536 gold pieces
 23777 | Orc:2    | Found the +3 pair of mountain boots {steadfast, rC+}
 23789 | Orc:2    | Bought a potion of resistance for 160 gold pieces
 23789 | Orc:2    | Bought 2 potions of resistance for 320 gold pieces
 24093 | Swamp:1  | Entered Level 1 of the Swamp
 24875 | Swamp:1  | Identified the +1 scale mail of the Dwarven Hall {-Cast
                  | -Tele rC+++ SInv}
 25396 | Swamp:2  | Reached skill level 1 in Transmutations
 25526 | Swamp:2  | Noticed a fenstrider witch
 25540 | Swamp:2  | Killed a fenstrider witch
 26288 | Swamp:2  | Found the +2 hood of the Assassin {Detection Stab+ Stlth++}
 26373 | Swamp:2  | Reached skill level 5 in Transmutations
 26726 | Swamp:3  | Identified the +9 mace of Amorality {venom, rElec rF+++
                  | rC++ Str-2}
 27316 | Swamp:4  | Entered Level 4 of the Swamp
 27348 | Swamp:4  | Reached XP level 16. HP: 112/139 MP: 37/37
 27757 | Swamp:4  | Got a decaying rune of Zot
 27964 | Swamp:4  | Reached skill level 10 in Transmutations
 28846 | Snake:1  | Entered Level 1 of the Snake Pit
 29786 | Snake:1  | Found a runed translucent door.
 29983 | Snake:1  | Got Suik's Book of Vitriolic Damage Dealing
 31433 | Snake:3  | Noticed Jorgrun
 31454 | Snake:2  | Killed Jorgrun
 32084 | Snake:3  | Reached XP level 17. HP: 89/146 MP: 38/38
 32519 | Snake:4  | Entered Level 4 of the Snake Pit
 33009 | Snake:4  | Noticed Aizul
 33028 | Snake:4  | Killed Aizul
 33524 | Snake:4  | Found Keroveg's Magic Scroll Shoppe.
 33530 | Snake:4  | Bought a scroll of teleportation for 57 gold pieces
 33530 | Snake:4  | Bought a scroll of teleportation for 57 gold pieces
 33530 | Snake:4  | Bought a scroll of blinking for 142 gold pieces
 33579 | Snake:4  | Reached skill level 15 in Transmutations
 35392 | Snake:4  | Reached skill level 1 in Earth Magic
 35493 | Snake:4  | Got a serpentine rune of Zot
 35579 | Snake:4  | Learned a level 4 spell: Petrify
 35915 | Elf:1    | Entered Level 1 of the Elven Halls
 37292 | Elf:1    | Found Duaciell's Book Shoppe.
 37300 | Elf:1    | Bought a book of Sloth for 432 gold pieces
 37307 | Elf:1    | Learned a level 6 spell: Statue Form
 37376 | Elf:1    | Paralysed by an air elemental for 1 turns
 37516 | Elf:1    | Reached XP level 18. HP: 150/159 MP: 34/39
 37705 | Elf:1    | Reached skill level 5 in Earth Magic
 38254 | Elf:2    | Found a runed translucent gate.
 38254 | Elf:2    | Found a runed translucent gate.
 38297 | Elf:2    | Found a runed translucent gate.
 38377 | Elf:2    | Paralysed by a floating eye for 4 turns
 39127 | Elf:2    | Noticed Donald
 39133 | Elf:2    | Killed Donald
 39252 | Elf:3    | Entered Level 3 of the Elven Halls
 39970 | Elf:3    | Reached skill level 10 in Earth Magic
 40111 | Elf:3    | Found a runed translucent gate.
 40112 | Elf:3    | Found a runed translucent gate.
 40112 | Elf:3    | Found a runed translucent gate.
 40113 | Elf:3    | Noticed kalagan's ghost (adept DECj)
 40114 | Elf:3    | Found Wiotsaluesch's Assorted Antiques.
 40651 | Elf:3    | Noticed a Tzitzimitl
 41057 | Abyss:3  | Cast into level 3 of the Abyss (+2 glaive of distortion)
 41147 | Abyss:3  | Gained mutation: Your body sometimes deteriorates upon
                  | taking damage. [a neqoxec]
 41249 | Abyss:3  | Reached XP level 19. HP: 110/166 MP: 40/40
 41278 | Abyss:3  | Got an abyssal rune of Zot
 41295 | Elf:3    | Escaped the Abyss
 41448 | Elf:3    | Got Tyocoevy's Tome of Calling and Lightning
 41454 | Elf:3    | Got the Octavo of Rocky Heat
 41464 | Elf:3    | Got Rijikhlo's Treatise on Intoxicating Arcane Weapons
 41470 | Elf:3    | Identified the +8 shortbow of Paper {speed, *Corrode Fly
                  | Stlth+}
 41605 | Elf:3    | Killed kalagan's ghost
 41789 | Elf:3    | Bought a potion of haste for 420 gold pieces
 41789 | Elf:3    | Bought a potion of curing for 126 gold pieces
 41911 | Orc:2    | Bought a potion of mutation for 128 gold pieces
 41911 | Orc:2    | Bought a potion of curing for 48 gold pieces
 42184 | D:3      | Bought a potion of haste for 120 gold pieces
 42184 | D:3      | Bought a potion of might for 48 gold pieces
 42345 | D:9      | Killed Gabide's ghost
 42565 | D:14     | Killed Sensen's ghost
 42717 | Vaults:1 | Entered Level 1 of the Vaults
 43522 | Vaults:1 | Reached skill level 15 in Earth Magic
 44928 | Vaults:2 | Noticed Zenata
 44946 | Vaults:2 | Killed Zenata
 44959 | Vaults:2 | Reached XP level 20. HP: 176/176 MP: 41/41
 45113 | Vaults:2 | Found a portal to a secret trove of treasure.
 45174 | Vaults:2 | Reached skill level 15 in Fighting
 45935 | Vaults:3 | Reached skill level 15 in Dodging
 46057 | Vaults:3 | Noticed Mara
 46064 | Vaults:3 | Killed Mara
 46424 | Vaults:3 | Found a staircase to the Crypt.
 46778 | Vaults:3 | Found Zidwiyde's Jewellery Shoppe.
 47222 | Vaults:3 | Identified the +1 robe of Hedonism {Rampage rElec Slay-4
                  | Stlth+}
 47372 | Vaults:3 | Noticed Margery
 47382 | Vaults:3 | Killed Margery
 48544 | Vaults:4 | Reached XP level 21. HP: 188/188 MP: 36/42
 49332 | Depths:1 | Entered Level 1 of the Depths
 49383 | Depths:1 | Found a one-way gateway to a ziggurat.
 49725 | Depths:1 | Found a one-way gate to the infinite horrors of the Abyss.
 50081 | Depths:1 | Found a gateway to Hell.
 50159 | Depths:1 | Found Lamav's Weapon Boutique.
 50781 | Depths:2 | Noticed Asterion
 50792 | Depths:2 | Killed Asterion
 50880 | Depths:2 | Noticed a juggernaut
 50887 | Depths:2 | Killed a juggernaut
 50888 | Depths:2 | Noticed a juggernaut
 50896 | Depths:2 | Killed a juggernaut
 50929 | Depths:2 | Noticed a caustic shrike
 50935 | Depths:2 | Killed a caustic shrike
 51093 | Depths:2 | Noticed a juggernaut
 51100 | Depths:2 | Killed a juggernaut
 51159 | Depths:2 | Noticed a juggernaut
 51165 | Depths:2 | Killed a juggernaut
 51408 | Depths:2 | Noticed a golden dragon
 51418 | Depths:2 | Killed a golden dragon
 51422 | Depths:2 | Reached XP level 22. HP: 188/205 MP: 38/43
 51922 | Depths:2 | Found a one-way gate leading to the halls of Pandemonium.
 52398 | Depths:3 | Found Remeipho's Weapon Boutique.
 52409 | Depths:3 | Found Qasazem's Antique Armour Emporium.
 52523 | Depths:3 | Bought a bronze leather armour for 210 gold pieces
 52523 | Depths:3 | Identified the +0 leather armour of Leill {Drain rN++} (You
                  | bought it in a shop on level 3 of the Depths)
 52536 | Depths:3 | Found Tun Qimm's General Store.
 52538 | Depths:3 | Found Joukheab's Weapon Boutique.
 52541 | Depths:3 | Found Duroijast's Armour Shop.
 52551 | Depths:3 | Bought a +2 cloak of preservation for 344 gold pieces
 52848 | Depths:3 | Identified the +4 scale mail "Reareatutt" {Dex+5 Stlth+}
 52938 | Depths:3 | Noticed a caustic shrike
 52948 | Depths:3 | Killed a caustic shrike
 52950 | Depths:3 | Noticed a juggernaut
 53099 | Depths:3 | Found Leunauh's Assorted Antiques.
 53104 | Depths:3 | Bought a potion of haste for 470 gold pieces
 53104 | Depths:3 | Bought a scroll of fear for 188 gold pieces
 53104 | Depths:3 | Bought a scroll of blinking for 352 gold pieces
 53142 | Depths:3 | Found Ydutesh's Assorted Antiques.
 53148 | Depths:3 | Bought a potion of heal wounds for 175 gold pieces
 53200 | Depths:3 | Identified the ring of Yrpheatz {Ice Dex+6}
 53200 | Depths:3 | Noticed Josephina
 53426 | Depths:3 | Noticed a caustic shrike
 53430 | Depths:3 | Killed a caustic shrike
 53495 | Depths:3 | Killed a juggernaut
 53641 | Depths:3 | HP: 12/271 [Josephina/staff of cold (34)]
 53647 | Depths:3 | Killed Josephina
 53977 | Depths:3 | Found the +7 lajatang of Order {silver, rMut}
 54111 | Depths:3 | Found Unatt's Book Shop.
 54185 | Depths:4 | Entered Level 4 of the Depths
 54196 | Depths:4 | Paralysed by a floating eye for 3 turns
 54198 | Depths:4 | Noticed Boris
 54257 | Depths:4 | Killed Boris
 54361 | Depths:4 | Noticed Jory
 54368 | Depths:4 | Killed Jory
 54417 | Depths:4 | Noticed Frederick
 54491 | Depths:4 | Killed Frederick
 55015 | Depths:4 | Found a gate to the Realm of Zot.
 55052 | Depths:4 | Noticed a caustic shrike
 55053 | Depths:4 | Noticed a caustic shrike
 55053 | Depths:4 | Noticed a caustic shrike
 55057 | Depths:4 | Killed a caustic shrike
 55067 | Depths:4 | Killed a caustic shrike
 55069 | Depths:4 | Killed a caustic shrike
 56011 | Vaults:2 | You paid a toll of +3 storm dragon scales to enter a
                  | treasure trove
 56012 | Trove    | Entered a treasure trove
 56453 | Slime:1  | Entered Level 1 of the Pits of Slime
 56789 | Slime:2  | Gained mutation: You are frail. (-10% HP) [a shining eye]
 56790 | Slime:2  | Gained mutation: Your body often deteriorates upon taking
                  | damage. [a shining eye]
 56798 | Slime:2  | Lost mutation: You are frail. (-10% HP) [potion of
                  | mutation]
 56798 | Slime:2  | Lost mutation: Your body often deteriorates upon taking
                  | damage. [potion of mutation]
 56798 | Slime:2  | Lost mutation: Your body sometimes deteriorates upon taking
                  | damage. [potion of mutation]
 56798 | Slime:2  | Gained mutation: Your flesh is heat resistant. (rF+)
                  | [potion of mutation]
 56798 | Slime:2  | Gained mutation: You have supernaturally acute eyesight.
                  | (SInv) [potion of mutation]
 56953 | Slime:2  | Reached XP level 23. HP: 215/215 MP: 44/44
 57036 | Slime:1  | Gained mutation: You are frail. (-10% HP) [a shining eye]
 57078 | Slime:1  | Gained mutation: You do not regenerate when monsters are
                  | visible. [a shining eye]
 58553 | Slime:3  | Gained mutation: You occasionally lose the ability to drink
                  | potions when taking damage. [a shining eye]
 58578 | Slime:4  | Lost mutation: You occasionally lose the ability to drink
                  | potions when taking damage. [potion of mutation]
 58578 | Slime:4  | Lost mutation: You do not regenerate when monsters are
                  | visible. [potion of mutation]
 58578 | Slime:4  | Lost mutation: You are frail. (-10% HP) [potion of
                  | mutation]
 58578 | Slime:4  | Gained mutation: You expend magic power (3 MP) to
                  | strengthen your wands. [potion of mutation]
 58578 | Slime:4  | Gained mutation: You are dopey. (Int -2) [potion of
                  | mutation]
 58578 | Slime:4  | Gained mutation: You have a considerably increased
                  | reservoir of magic. (+20% MP) [potion of mutation]
 58750 | Slime:5  | Entered Level 5 of the Pits of Slime
 58753 | Slime:5  | Gained mutation: Armour fits poorly on your strangely
                  | shaped body. [a shining eye]
 59039 | Slime:5  | Noticed the Royal Jelly
 59273 | Slime:5  | Killed the Royal Jelly
 59380 | Slime:5  | Gained mutation: You occasionally lose the ability to drink
                  | potions when taking damage. [a shining eye]
 59431 | Slime:5  | Got a slimy rune of Zot
 59458 | Slime:5  | Identified the ring of Nidir {rPois rC+ Dex+6 Slay-5 SInv}
 59501 | Slime:5  | Got the Collected Works on Frostbite
 59503 | Slime:5  | Got the Parchment of Metamorphosis and Dark Magic
 59504 | Slime:5  | Identified the ring "Deovin" {rN+ Int+3 Dex+5}
 59535 | Slime:5  | Identified the +8 chain mail "Woxu Pya" {rN+ Int+3 Dex+2}
 60391 | Crypt:1  | Entered Level 1 of the Crypt
 60546 | Crypt:1  | Noticed Sojobo
 60556 | Crypt:1  | Killed Sojobo
 61011 | Crypt:1  | Identified the ring "Ogrirref" {rPois Dex+6}
 62066 | Crypt:3  | Entered Level 3 of the Crypt
 62154 | Crypt:3  | Reached XP level 24. HP: 231/231 MP: 41/48
 62182 | Crypt:3  | Found the +3 giant club "Skullcrusher" {speed, Str+7}
 63097 | Crypt:3  | Noticed an ancient lich
 63102 | Crypt:3  | Killed an ancient lich
 63147 | Crypt:3  | Found the +4 dagger "Morg" {pain, Will+ Int+5}
 63182 | Crypt:3  | Identified the +5 long sword "Dragonbane" {flame, Fragile
                  | rElec rN++ Stlth+}
 63452 | Crypt:3  | Found a staircase to the Tomb.
 63716 | Vaults:5 | Entered Level 5 of the Vaults
 63718 | Vaults:5 | Noticed an ancient lich
 64001 | Vaults:4 | Killed an ancient lich
 64188 | Vaults:5 | Noticed Boris
 64197 | Vaults:5 | Killed Boris
 64203 | Vaults:5 | Noticed an ancient lich
 64354 | Vaults:4 | Killed an ancient lich
 65583 | Vaults:5 | Noticed an ancient lich
 65609 | Vaults:5 | Identified the +1 quarterstaff of Oozing Pus {vamp, rC+
                  | Will+ Int+3}
 65657 | Abyss:3  | Cast into level 3 of the Abyss (hell knight)
 65690 | Vaults:5 | Escaped the Abyss
 66090 | Vaults:5 | Noticed a dread lich
 66094 | Vaults:5 | Identified the ring "Quduadegu" {rC+ rCorr EV+4 Int-4}
 66203 | Vaults:5 | Noticed a dread lich
 66209 | Vaults:5 | Killed a dread lich
 66384 | Vaults:5 | Killed an ancient lich
 66522 | Vaults:5 | Reached XP level 25. HP: 243/243 MP: 38/48
 66634 | Vaults:5 | Identified the +1 ring mail of Somewhere Else {Will++}
 66679 | Vaults:5 | Identified the +0 spear of the Reasonable God {flame, Will+
                  | rCorr}
 66685 | Vaults:5 | Got the Guidebook on the Squall
 66768 | Vaults:5 | Killed a dread lich
 66831 | Vaults:5 | Identified the +1 robe of Xuhasm {Int+2}
 66950 | Vaults:5 | Paralysed by a floating eye for 2 turns
 67115 | Vaults:5 | Identified the +3 chain mail "Siufawou" {*Slow rF+ rN+
                  | Int+3}
 67366 | Vaults:5 | Got a silver rune of Zot
 67854 | Zot:1    | Entered Level 1 of the Realm of Zot
 68265 | Zot:1    | Found a runed translucent gate.
 68265 | Zot:1    | Found a runed translucent gate.
 68265 | Zot:1    | Found a runed translucent gate.
 68272 | Zot:1    | Noticed duchin's ghost (legendary MfIE)
 68811 | Zot:2    | Noticed an orb of fire
 68861 | Zot:2    | Killed an orb of fire
 69832 | Zot:2    | Noticed Vv
 69843 | Zot:2    | Killed Vv
 71257 | Zot:3    | Identified the ring "Zegynita" {rElec rPois rF- rN+ Str+4}
 71529 | Zot:4    | Reached XP level 26. HP: 264/264 MP: 37/48
 71709 | Zot:4    | Reached skill level 27 in Fighting
 71869 | Zot:4    | Identified the +7 halberd of the Valley of Death {vorpal,
                  | rN+ Str+2 SInv}
 71930 | Zot:4    | Identified the +7 broad axe of the Cup {spect, Stlth+}
 71942 | Zot:4    | Reached skill level 27 in Unarmed Combat
 72199 | Zot:4    | Identified the ring "Daapuzi Ceim" {Wiz SInv}
 72295 | Zot:4    | Identified the ring "Uhyedo" {rCorr Str+4}
 72414 | Zot:4    | Found Meqafioc's Changing Room.
 72643 | Zot:4    | Bought a potion of lignification for 45 gold pieces
 72643 | Zot:4    | Bought a potion of mutation for 120 gold pieces
 72643 | Zot:4    | Bought a potion of mutation for 120 gold pieces
 72763 | Zot:5    | Entered Level 5 of the Realm of Zot
 73146 | Zot:5    | Learned a level 2 spell: Blink
 73677 | Zot:5    | Noticed an ancient lich
 73682 | Zot:5    | Killed an ancient lich
 73743 | Zot:5    | Noticed a dread lich
 73744 | Zot:5    | Noticed an orb of fire
 73755 | Zot:5    | Noticed a dread lich
 73756 | Zot:5    | Gained mutation: You are clumsy. (Dex -2) [an orb of fire]
 73760 | Zot:5    | Noticed an orb of fire
 74683 | Zot:5    | Killed a dread lich
 75597 | Zot:5    | Reached skill level 15 in Spellcasting
 75607 | Zot:5    | Killed an orb of fire
 75638 | Zot:5    | Noticed an orb of fire
 75642 | Zot:5    | Gained mutation: You do not regenerate when monsters are
                  | visible. [an orb of fire]
 75652 | Zot:5    | Killed an orb of fire
 75678 | Zot:5    | Killed a dread lich
 76322 | Zot:5    | Killed an orb of fire
 76833 | Zot:5    | Noticed an ancient lich
 76833 | Zot:5    | Noticed an ancient lich
 77321 | Zot:5    | Killed an ancient lich
 77511 | Zot:5    | Killed an ancient lich
 78118 | Zot:5    | Identified the +3 scimitar of the Slashing Gods {freeze,
                  | rCorr Dex-4 SInv}
 78152 | Zot:5    | Noticed an orb of fire
 78160 | Zot:5    | Killed an orb of fire
 78673 | Zot:5    | Noticed an orb of fire
 78782 | Zot:5    | Lost mutation: You occasionally lose the ability to drink
                  | potions when taking damage. [an orb of fire]
 78787 | Zot:5    | Killed an orb of fire
 80993 | Hell     | Entered the Vestibule of Hell
 80993 | Hell     | Noticed Geryon
 81006 | Hell     | Killed Geryon
 81724 | Hell     | Reached XP level 27. HP: 273/273 MP: 44/54
 82684 | Hell     | Found a gateway to the Iron City of Dis.
 82802 | Hell     | Found a gateway to the freezing wastes of Cocytus.
 83060 | Hell     | Found a gateway to the decaying netherworld of Tartarus.
 83100 | Hell     | Found a gateway to the ashen valley of Gehenna.
 83143 | Hell     | Learned a level 2 spell: Passwall
 83149 | Hell     | Learned a level 5 spell: Lee's Rapid Deconstruction
 83151 | Hell     | Learned a level 1 spell: Apportation
 83574 | Tomb:1   | Entered Level 1 of the Tomb of the Ancients
 85077 | Tomb:2   | HP: 14/354 [death scarab[a royal mummy] (18)]
 85077 | Tomb:2   | HP: 6/354 [death scarab[a royal mummy] (8)]
 85077 | Tomb:2   | Slain by a death scarab

Illustrated notes

Levels and vault maps discovered:
D:1:      dpeg_arrival_radiant, layout_basic, hellmonk_ecumenical_altar_blasted
D:2:      layout_loops_ring, wad_orctagon
D:3:      layout_basic, nicolae_gozag_seed_capital, serial_shops, shop_statue,
          dreamdust_princess_bridge
D:4:      nicolae_cairo_tiling, layout_basic, uniq_pikel
D:5:      layout_loops_ring, minmay_temple_entry_overgrown,
          nicolae_elevator_lobby_asterisk, uniq_ijyb
D:6:      layout_gridville, elyvilon_altar_4,
          mainiacjoe_overflow_surrounded_room, uniq_prince_ribbit1
D:7:      layout_basic, enter_bailey_6
D:8:      layout_gridville, worldfamousw_hep_ancestral_shrine,
          mainiacjoe_overflow_small_starburst, grunt_dithmenos_shadows,
          dpeg_oklobed_lair
D:9:      layout_long_grid, serial_shops, kennysheep_mini_moat,
          nzn_ghost_randoct
D:10:     layout_roguey, nicolae_qazlal_style_of_elements,
          minmay_overflow_temple_star_hex, jmf_multi_god_temple,
          serial_park_tiny_pond, eino_tiny_chamber,
          hangedman_abyss_or_decor_passed, kennysheep_doodads, uniq_joseph
D:11:     layout_grid_maze, minmay_puff
D:12:     layout_rooms, orc_0_dummy, minmay_diced_spiral
D:13:     layout_cave_pools, serial_column_ruins, column_ruins_hut,
          column_ruins_square_huge, column_ruins_grid_1, column_ruins_open_tiny,
          column_ruins_columns_dead_end, column_ruins_grid_1,
          column_ruins_grid_1, column_ruins_corridor_straight, uniq_rupert
D:14:     layout_basic, david_vaults_2, gammafunk_ghost_mausoleum,
          nzn_wu_jian_contemplation, lemuel_flamethrower_3
D:15:     gammafunk_enter_depths_forms, layout_irregular_city
Temple:   nicolae_temple_godpark
Lair:1:   layout_small_grid, enter_volcano_1, gauntlet_entry_generic
Lair:2:   layout_cave_pods, serial_bayou_shore_b, uniq_sonja, uniq_fannar,
          uniq_gastronok
Lair:3:   dpeg_oklob_gauntlet, layout_long_grid, minmay_swamp_entry_swarm,
          guppyfry_snake_entry_garden, infiniplex_staircase_pool_2,
          grunt_megastairs_1
Lair:4:   layout_long_grid
Lair:5:   evilmike_catoblepas_cave, layout_concentric_octagons, slime_entry_1
Swamp:1:  layout_basic_swamp, evilmike_swamp_ruin_house_2
Swamp:2:  nicolae_swamp_long_stream, layout_basic_swamp,
          evilmike_swamp_ruin_rubble_1, swamp_pool3,
          nicolae_swamp_necromancer_hut
Swamp:3:  nicolae_swamp_tree_isthmus, layout_basic_swamp,
          evilmike_swamp_ruin_house_4, swamp_pool4
Swamp:4:  swamp_vile, layout_basic_swamp, swamp_pool4, nzn_swamp_dancing_lights
Snake:1:  cheibrodos_toxic_ritual, layout_cave_pods
Snake:2:  layout_cave_shapes, grunt_megastairs_2
Snake:3:  layout_chambers, uniq_jorgrun
Snake:4:  minmay_snake_end_coiled, layout_basic, serial_shops,
          nicolae_square_shop, nicolae_snake_double_loop, uniq_aizul
Slime:1:  layout_caves
Slime:2:  layout_caves
Slime:3:  layout_caves, special_room [special_room_jelly]
Slime:4:  layout_caves
Slime:5
Orc:1:    layout_caves
Orc:2:    grunt_orc_tribal_feast, layout_diamond_mine
Elf:1:    minmay_the_grid_square_5x5_4x4_mashed
          [minmay_the_grid_square_5x5_half_checkered,
          minmay_the_grid_square_5x5_forky, minmay_the_grid_square_5x5_slash,
          minmay_the_grid_square_5x5_three, minmay_the_grid_square_5x5_lines,
          minmay_the_grid_square_5x5_prize_waves,
          minmay_the_grid_square_5x5_prize_pseudospiral,
          minmay_the_grid_square_5x5_fat_x,
          minmay_the_grid_square_5x5_three_small,
          minmay_the_grid_square_5x5_prize_rear_guard,
          minmay_the_grid_square_5x5_prize_junk,
          minmay_the_grid_square_5x5_checkered, minmay_the_grid_square_5x5_six,
          minmay_the_grid_square_5x5_fancy_junction,
          minmay_the_grid_square_5x5_z,
          minmay_the_grid_square_5x5_broken_cross], layout_gridlike,
          serial_shops, nicolae_diamond_shop, evilmike_minifort, kb_rosetta
Elf:2:    elven_hall_of_blades_hangedman_original [grunt_blade_entry_basic],
          layout_loops_ring, uniq_donald
Elf:3:    elf_hall, layout_gridlike, ebering_ghost_gozag, grunt_megastairs_5
Vaults:1: v_rooms_2, hangedman_vaults_stitches, nicolae_vaults_octagons,
          ontoclasm_vaults_ring_small, ontoclasm_vaults_pinch, v_alt_pattern_6,
          v_rooms_4, nicolae_vaults_network_quinsquares
          [nicolae_vaults_network_quincunx_subvault,
          nicolae_vaults_network_quincunx_subvault,
          nicolae_vaults_network_quincunx_subvault,
          nicolae_vaults_network_quincunx_subvault],
          nicolae_vaults_little_squares_5, hangedman_vaults_trim,
          vaults_room_grid, nicolae_vaults_specimen_jars, vaults_dpeg_cross,
          vaults_dpeg_ring, vaults_dpeg_encased_lava, layout_vaults_big_room,
          serial_shops
Vaults:2: nicolae_vaults_circle_grid_b, hangedman_vaults_slice,
          nicolae_vaults_what_the_h, ontoclasm_vaults_ligature,
          nicolae_vaults_murderbox, hangedman_vaults_corner_blocks, v_misc_13,
          nicolae_vaults_ninety_degrees, v_alt_pattern_4,
          vaults_standard_mumra_lines, nicolae_vaults_network_square, v_misc_8,
          layout_vaults_omnibox, enter_trove_5, uniq_zenata
Vaults:3: minmay_crypt_entry_simple_plaza, v_rooms_5, ontoclasm_vaults_fault,
          grunt_vaults_funneled_arena, hangedman_vaults_corner_blocks,
          v_rooms_4, nicolae_vaults_asterisk, hangedman_vaults_stream,
          v_misc_11, vaults_room_corners, vaults_dpeg_emergency_exit,
          dpeg_vaults_monster_box, layout_vaults_big_cross, serial_shops, shop,
          uniq_margery, uniq_mara
Vaults:4: ontoclasm_vaults_misaligned, nicolae_vaults_big_angled_halls,
          vaults_mumra_bighexcomb, ontoclasm_vaults_loading_screen,
          vaults_room_fours, nicolae_vaults_theta, hangedman_vaults_river_flow,
          layout_vaults_omnigrid
Vaults:5
Crypt:1:  layout_basic, minivault_11, grunt_ministairs_2, uniq_sojobo
Crypt:2:  layout_gridlike
Crypt:3:  lightli_unholy_cathedral, layout_chaotic_city,
          nicolae_tomb_entry_grand_gallery, minmay_guarded_unrand_skullcrusher
Tomb:1
Tomb:2
Depths:1: layout_basic, enter_ziggurat_a, abyss_entry, pf_hell_entry_tar_spiral,
          serial_shops, nicolae_shop_bloodbath_and_beyond,
          nemelex_xobeh_ov_fountains_minmay, minmay_starry_boxes
Depths:2: lemuel_castle_with_subvaults [lemuel_castle_interior_carwin_2],
          layout_gridlike, hell_entry, serial_glass, glass_columns_b,
          glass_columns_a, glass_columns_b, glass_columns_b, glass_columns_a,
          glass_columns_b, glass_columns_c, glass_columns_a, glass_columns_a,
          glass_columns_a, glass_columns_c, glass_columns_c, glass_columns_b,
          glass_columns_b, skrybe_limestone_x, hangedman_abyss_entry_splay,
          rand_demon_pan_entry_4, uniq_asterion
Depths:3: minmay_expanding_squares, layout_basic,
          grunt_hell_entry_demonic_statue, abyss_entry_small_statue_room,
          solitary_fountain, serial_shops, nicolae_diamond_shop,
          kennysheep_mini, shop_statue, kennysheep_little_box,
          nicolae_diamond_shop, minmay_staircase_statues, minmay_shop_star,
          uniq_josephina
Depths:4: grunt_zot_entry_alcove, layout_basic, pan_entry, hell_entry,
          uniq_jory, uniq_frederick, uniq_boris
Hell
Zot:1:    layout_misc_corridors, gammafunk_ghost_ooze, zot_minivault_3
Zot:2:    layout_misc_corridors, grunt_megastairs_3, uniq_vv
Zot:3:    layout_cellular_growth, st_small_dragon_hoard_4
Zot:4:    layout_misc_corridors, nicolae_transmutations_shop,
          grunt_ministairs_9, st_large_dragon_hoard_4
Zot:5:    layout_misc_corridors

Skill      XL: |  1  2  3  4  5  6  7  8  9 10 11 12 13 14 15 16 17 18 19 20 21 22 23 24 25 26 27 |
---------------+----------------------------------------------------------------------------------+-----
Unarmed Combat | 2 3 4 7 8 9 10 11 13 15 18 19 21 22 23 25 26 27 | 27.0
Fighting       | 6 7 8 9 10 11 12 13 14 16 19 20 22 23 26 27 | 27.0
Dodging        | 5 6 7 8 9 10 12 14 16 17 18 19 20 | 20.0
Shields        | 3 |  3.0
Armour         | 3 |  3.0
Spellcasting   | 9 12 16 18 | 18.0
Transmutations | 7 13 16 | 16.6
Earth Magic    | 3 12 16 | 16.0

Action                   |  1- 3 |  4- 6 |  7- 9 | 10-12 | 13-15 | 16-18 | 19-21 | 22-24 | 25-27 || total
-------------------------+-------+-------+-------+-------+-------+-------+-------+-------+-------++-------
Melee: Unarmed           |   185 |   149 |   340 |   751 |  1613 |  1187 |  1114 |  1218 |   831 ||  7388
       Punch             |       |       |       |       |       |   106 |   113 |   208 |   155 ||   582
       Lajatang          |       |       |       |       |       |       |       |    30 |    26 ||    56
Throw: Boomerang         |       |       |     8 |     7 |    43 |     4 |       |       |       ||    62
       Javelin           |       |       |       |     1 |     1 |       |     1 |     3 |     3 ||     9
       Throwing net      |       |       |       |       |       |     1 |       |       |       ||     1
       Dart              |       |       |       |       |       |     1 |     2 |     3 |     1 ||     7
 Cast: Blade Hands       |       |       |       |       |       |   112 |       |       |       ||   112
       Statue Form       |       |       |       |       |       |    25 |    96 |   107 |   128 ||   356
       Petrify           |       |       |       |       |       |     6 |       |       |       ||     6
       Blink             |       |       |       |       |       |       |       |       |    19 ||    19
Evoke: Wand              |       |       |    10 |     6 |     3 |     1 |       |       |       ||    20
       Phantom mirror    |       |       |       |       |       |       |     1 |       |     1 ||     2
  Use: Scroll            |     3 |     4 |    16 |    12 |    15 |     5 |     4 |    12 |     5 ||    76
       Potion            |       |     1 |     3 |    14 |     1 |    31 |     6 |    13 |     6 ||    75
 Stab: Paralysed         |       |       |    14 |     7 |       |       |       |       |       ||    21
       Sleeping          |       |       |     3 |     1 |       |       |       |       |       ||     4
       Petrified         |       |       |       |       |     6 |       |       |       |       ||     6
       Invisible         |       |       |       |       |     5 |       |       |       |     3 ||     8
       Petrifying        |       |       |       |       |     1 |       |       |       |       ||     1
       Distracted        |       |       |       |       |       |     1 |       |       |       ||     1
Armor: Scale mail        |    36 |       |       |       |       |       |       |       |       ||    36
       Ring mail         |    26 |    28 |    87 |   216 |   705 |   378 |    39 |    67 |    33 ||  1579
       Leather armour    |       |       |     4 |    26 |       |       |       |       |       ||    30
       Skin              |       |       |       |       |       |    82 |   721 |   749 |   524 ||  2076
Dodge: Dodged            |    78 |    62 |   171 |   443 |  1426 |   912 |  1492 |  1759 |  1236 ||  7579
Block: Buckler           |    37 |    33 |    65 |   134 |   329 |    73 |       |       |       ||   671
       Kite shield       |       |       |       |       |       |     5 |     1 |       |       ||     6
